 Dungeon Crawl Stone Soup version 0.25.1-2-g60ff931df9 (webtiles) character file.

Game seed: 17679900592368919331

9230 pokeman the Thaumaturge (level 11, -5/57 HPs)
             Began as a Deep Elf Wizard on Nov 17, 2020.
             Was a Priest of Vehumet.
             Slain by Snorg (13 damage)
             ... on level 11 of the Dungeon on Nov 18, 2020.
             The game lasted 00:36:38 (14193 turns).

pokeman the Thaumaturge (Deep Elf Wizard)          Turns: 14193, Time: 00:36:39

Health: -5/57      AC:  6    Str:  6    XL:     11   Next: 20%
Magic:  27/31      EV: 12    Int: 27    God:    Vehumet [***...]
Gold:   547        SH:  0    Dex: 13    Spells: 25/39 levels left

rFire    . . .     SeeInvis .   D - +0 dagger of the Maze {freeze, *Noise rPois Str+2} (curse)
rCold    . . .     Gourm    .   (no shield)
rNeg     . . .     Faith    .   R - +0 troll leather armour
rPois    +         Spirit   .   s - +1 helmet
rElec    .         Reflect  .   c - scarf {+Inv}
rCorr    +         Harm     .   (no gloves)
MR       +....                  (no boots)
Stlth    ++........             r - amulet of regeneration
HPRegen  0.99/turn              a - ring of poison resistance
MPRegen  0.22/turn              i - ring of resist corrosion

@: no status effects
A: no striking features
a: Renounce Religion, Evoke Invisibility


You were on level 11 of the Dungeon.
You worshipped Vehumet.
Vehumet was most pleased with you.
You were near starving.

You visited 2 branches of the dungeon, and saw 12 of its levels.

You collected 607 gold pieces.
You spent 60 gold pieces at shops.

Inventory:

Hand Weapons
 g - a +0 hand crossbow
 D - the cursed +0 dagger of the Maze (weapon) {freeze, *Noise rPois Str+2}
   (You found it on level 6 of the Dungeon)

   It has been specially enchanted to freeze those struck by it, causing extra
   injury to most foes and up to half again as much damage against particularly
   susceptible opponents.
   It can also slow down cold-blooded creatures.
   It affects your strength (+2).
   It protects you from poison.
   It may make noises in combat.
   It has a curse placed upon it.
 E - a +0 dagger of venom
 F - a +1 dagger of electrocution
 O - a +0 shortbow
 U - a +0 whip
Missiles
 M - 36 bolts
 P - 119 arrows
Armour
 c - a scarf of invisibility (worn)
 s - a +1 helmet (worn)
 G - the cursed +1 ring mail of the Many Lusting Eyes {-Tele rF+++ Dex+6, unknown}
   (You found it on level 6 of the Dungeon)

   It affects your dexterity (+6).
   It renders you almost immune to fire.
   It prevents most forms of teleportation.
   It has a curse placed upon it.
 J - a +0 buckler
 R - a +0 troll leather armour (worn)
Magical Staves
 I - an uncursed staff of death {unknown}
Jewellery
 a - a ring of poison resistance (left hand)
 i - a ring of resist corrosion (right hand)
 r - an amulet of regeneration (around neck)
 L - an uncursed ring of protection from cold
 N - an uncursed ring of see invisible
 T - an uncursed ring of flight
Wands
 b - a wand of random effects (19)
 C - a wand of paralysis (15)
 Q - a wand of disintegration (18)
Scrolls
 e - 11 scrolls of identify {unknown}
 f - 11 scrolls of remove curse {unknown}
 h - 5 scrolls of teleportation {unknown}
 j - a scroll of blinking {unknown}
 k - 2 scrolls of immolation {unknown}
 l - a scroll of noise {unknown}
 t - 4 scrolls of magic mapping {unknown}
 u - a scroll of amnesia {unknown}
 v - 3 scrolls of fog
 w - a scroll of fear {unknown}
 x - a scroll of random uselessness {unknown}
 y - a scroll of enchant weapon {unknown}
 H - 3 scrolls of enchant armour {unknown}
Potions
 m - 2 potions of brilliance {unknown}
 n - 6 potions of curing
 o - a potion of cancellation {unknown}
 p - 5 potions of lignification {unknown}
 q - 2 potions of heal wounds {unknown}
 z - a potion of degeneration {unknown}
 A - 3 potions of might {unknown}
 B - 3 potions of invisibility {unknown}
 K - 2 potions of ambrosia {unknown}
 S - 4 potions of flight {unknown}
Comestibles
 d - 24 rations


   Skills:
 + Level 2.1 Fighting
 - Level 2.2 Armour
 - Level 3.1 Dodging
 - Level 3.0 Stealth
 - Level 4.0 Shields
 * Level 14.7 Spellcasting
 + Level 8.9 Conjurations
 - Level 1.1 Summonings
 - Level 1.1 Translocations
 + Level 8.4 Fire Magic
 - Level 1.0 Air Magic
 - Level 1.0 Poison Magic
 - Level 1.1 Evocations


You had 25 spell levels left.
You knew the following spells:

 Your Spells              Type           Power        Failure   Level  Hunger
a - Magic Dart            Conj           ####         1%          1    None
b - Mephitic Cloud        Conj/Pois/Air  #####...     1%          3    None
c - Call Imp              Summ           ####....     3%          2    None
d - Blink                 Tloc           N/A          3%          2    None
e - Conjure Flame         Conj/Fire      ######..     1%          3    None
f - Stone Arrow           Conj/Erth      #####.       1%          3    None

Your spell library contained the following spells:

 Spells                   Type           Power        Failure   Level  Hunger
 Dazzling Flash           Conj/Hex       #####.       1%          3    None
 Slow                     Hex            ###.....     6%          2    None


Dungeon Overview and Level Annotations

Branches:
Dungeon (11/15)            Temple (1/1) D:5            Lair (0/6) D:8
    Orc (0/2) D:9

Altars:
Ashenzari
Cheibriados
Dithmenos
Elyvilon
Fedhas
Kikubaaqudgha
Makhleb
Nemelex Xobeh
Okawaru
Qazlal
Ru
Sif Muna
Vehumet
Wu Jian
Xom

Shops:
D:9 *   D:10 [

Annotations:
D:11 Snorg


Message History

The ball explodes into a vile cloud!
The stinking cloud engulfs Snorg but does no damage.
The stinking cloud engulfs the adder but does no damage.
The adder is heavily wounded.
Snorg is engulfed in noxious fumes.
The adder is engulfed in noxious fumes.
The adder appears confused.
Snorg is engulfed in noxious fumes.
Snorg bites you!! Snorg misses you. Snorg claws you but does no damage.
The adder is engulfed in noxious fumes.
The adder appears confused.
The adder bites Snorg.
Snorg is engulfed in noxious fumes.
The adder is engulfed in noxious fumes.
The adder appears confused.
Snorg bites you!!
* * * LOW HITPOINT WARNING * * *
Snorg claws you but does no damage. Snorg claws you.
* * * LOW HITPOINT WARNING * * *
Snorg rages.
Snorg rages.
Casting: Mephitic Cloud (safe; 1% risk of failure)
Confirm with . or Enter, or press ? or * to list all spells.
You blink.
Snorg bites you!
You die...

######## #####
#@....S# #....
#T####<# #S###
#.####.#######.###
#ยง##..S..S..##.#..
#.##.#.##......#T#
#.##.#.##......#.#
#......##.........
###.#.###.....####
##.###.##.....#


You could see Snorg (berserk) and an adder (confused).

Vanquished Creatures
  A hydra (D:8)
  A two-headed ogre (D:11)
  An unseen horror (D:10)
  4 centaur zombies
  A komodo dragon (D:10)
  2 trolls
  Prince Ribbit (D:7)
  A hippogriff (D:8)
  A vampire (D:11)
  A wraith (D:9)
  6 yaks
  An acid dragon (D:11)
  Duvessa (D:6)
  A sky beast (D:5)
  A necrophage (D:11)
  2 ice beasts
  A phantom (D:6)
  5 orc warriors
  An eye of draining (D:9)
  2 centaurs (D:8)
  6 ogres
  2 big kobolds
  3 bullfrogs (D:7)
  Dowan (D:6)
  A scorpion (D:8)
  6 killer bees (D:9)
  16 wights
  4 howler monkeys
  5 crimson imps
  A centaur skeleton (D:4)
  9 hounds
  2 jellies
  3 orc priests
  A bullfrog skeleton (D:7)
  4 iguanas
  3 orc wizards
  Natasha (thrice) (D:2)
  10 worker ants
  A hound skeleton (D:4)
  A howler monkey zombie (D:10)
  A worker ant zombie (D:8)
  15 adders
  2 shadow imps
  2 oozes
  An adder skeleton (D:4)
  3 worms
  5 leopard geckos
  39 orcs
  4 giant cockroaches
  3 goblins
  2 hobgoblins
  11 jackals
  4 quokkas
  5 bats
  4 frilled lizards
  8 kobolds
  A quokka skeleton (D:5)
  4 rats (D:3)
231 creatures vanquished.

Vanquished Creatures (collateral kills)
  A shadow imp (D:10)
1 creature vanquished.

Grand Total: 232 creatures vanquished

Notes
Turn   | Place    | Note
-------+----------+-------------------------------------------
     0 | D:1      | pokeman the Deep Elf Wizard began the quest for the Orb.
     0 | D:1      | Reached XP level 1. HP: 10/10 MP: 7/7
   258 | D:1      | Reached XP level 2. HP: 16/16 MP: 3/9
   656 | D:1      | Found an ancient bone altar of Kikubaaqudgha.
  1024 | D:2      | Reached skill level 5 in Spellcasting
  1083 | D:2      | Noticed Natasha
  1094 | D:2      | Killed Natasha
  1094 | D:2      | Reached XP level 3. HP: 2/20 MP: 0/11
  1136 | D:2      | Noticed Natasha
  1403 | D:2      | Reached skill level 1 in Fighting
  1403 | D:2      | Reached skill level 1 in Armour
  1408 | D:2      | Learned a level 3 spell: Mephitic Cloud
  1411 | D:2      | Learned a level 2 spell: Call Imp
  1414 | D:2      | Learned a level 2 spell: Blink
  1418 | D:2      | Learned a level 3 spell: Conjure Flame
  1811 | D:2      | Reached XP level 4. HP: 25/25 MP: 8/13
  2127 | D:2      | Killed Natasha
  2180 | D:2      | Found a white marble altar of Elyvilon.
  2444 | D:2      | Noticed Natasha
  2451 | D:2      | Killed Natasha
  2451 | D:2      | Reached skill level 6 in Spellcasting
  2451 | D:2      | Reached skill level 1 in Evocations
  2815 | D:3      | Reached XP level 5. HP: 29/29 MP: 13/15
  2865 | D:3      | Found a burning altar of Makhleb.
  3610 | D:4      | Reached skill level 1 in Poison Magic
  3880 | D:4      | Reached skill level 1 in Air Magic
  3880 | D:4      | Reached XP level 6. HP: 30/34 MP: 8/17
  4060 | D:4      | Reached skill level 1 in Fire Magic
  4729 | D:5      | Entered Level 5 of the Dungeon
  4756 | D:5      | Found a staircase to the Ecumenical Temple.
  4757 | D:5      | Noticed an ice beast
  4819 | D:4      | Killed an ice beast
  4819 | D:4      | Reached skill level 7 in Spellcasting
  5111 | Temple   | Entered the Ecumenical Temple
  5212 | Temple   | Became a worshipper of Vehumet
  5315 | D:5      | Noticed a sky beast
  5316 | D:5      | Reached XP level 7. HP: 38/38 MP: 13/20
  5561 | D:5      | Reached skill level 8 in Spellcasting
  6061 | D:5      | Found a sparkling altar of Nemelex Xobeh.
  6367 | D:6      | Found a shadowy altar of Dithmenos.
  6429 | D:6      | Noticed Duvessa
  6429 | D:6      | Noticed Dowan
  6475 | D:6      | Killed Duvessa
  6650 | D:6      | Got a scorched dagger
  6651 | D:6      | Identified the cursed +0 dagger of the Maze {freeze, *Noise
                  | rPois Str+2} (You found it on level 6 of the Dungeon)
  6686 | D:6      | Reached XP level 8. HP: 39/44 MP: 10/22
  6700 | D:6      | Reached skill level 9 in Spellcasting
  6946 | D:6      | Got a bronze ring mail
  7019 | D:6      | Reached * piety under Vehumet
  7019 | D:6      | Offered knowledge of Freeze by Vehumet.
  7272 | D:6      | Killed Dowan
  7272 | D:6      | Reached skill level 5 in Conjurations
  7519 | D:6      | Found an iron altar of Okawaru.
  7864 | D:7      | Reached skill level 1 in Shields
  8014 | D:7      | Reached skill level 10 in Spellcasting
  8049 | D:7      | Noticed Prince Ribbit
  8072 | D:7      | Killed Prince Ribbit
  8464 | D:7      | Reached XP level 9. HP: 48/48 MP: 21/25
  9157 | D:8      | Reached skill level 5 in Fire Magic
  9172 | D:8      | Reached skill level 11 in Spellcasting
 10040 | D:8      | Found an ornate altar of the Wu Jian Council.
 10041 | D:8      | Noticed a seven-headed hydra
 10500 | D:8      | Found a staircase to the Lair.
 10568 | D:8      | Killed a seven-headed hydra
 10568 | D:8      | Reached skill level 12 in Spellcasting
 10568 | D:8      | Reached XP level 10. HP: 53/53 MP: 9/28
 11174 | D:9      | Reached ** piety under Vehumet
 11268 | D:8      | Offered knowledge of Searing Ray by Vehumet.
 11520 | D:9      | Reached skill level 13 in Spellcasting
 11742 | D:9      | Found Qifulep's General Store.
 11751 | D:9      | Bought a potion of curing for 36 gold pieces
 11751 | D:9      | Bought a scroll of fog for 24 gold pieces
 12009 | D:9      | Found a staircase to the Orcish Mines.
 12077 | D:9      | Offered knowledge of Stone Arrow by Vehumet.
 12082 | D:9      | Learned a level 3 spell: Stone Arrow
 12484 | D:10     | Entered Level 10 of the Dungeon
 12631 | D:10     | Killed an unseen horror
 12631 | D:10     | Reached *** piety under Vehumet
 12764 | D:10     | Reached skill level 14 in Spellcasting
 13043 | D:10     | Offered knowledge of Dazzling Flash by Vehumet.
 13347 | D:10     | Reached XP level 11. HP: 57/57 MP: 24/31
 13488 | D:10     | Found a snail-covered altar of Cheibriados.
 13490 | D:10     | Found Cheibriados's Comfort Zone.
 13954 | D:11     | Noticed a two-headed ogre
 13962 | D:11     | Killed a two-headed ogre
 14133 | D:11     | Noticed Snorg
 14193 | D:11     | Slain by Snorg

Illustrated notes

Levels and vault maps discovered:
D:1:      dpeg_arrival_lava_altar, layout_rooms, kennysheep_pointless_box,
          grunt_decor_clamped
D:2:      layout_loops_ring, elyvilon_altar_5, uniq_natasha
D:3:      layout_loops_ring, first_ration, serial_glass, glass_columns_a,
          glass_columns_a, feat_on_display, makhleb_blood_cavern_becter
D:4:      layout_basic, minmay_vboxes
D:5:      minmay_diamond_boxcup, layout_basic, nemelex_altar_shiori,
          minmay_temple_entry_mini_moons
D:6:      layout_gridville, grunt_dithmenos_smoke_and_mirrors,
          okawaru_gym_becter, uniq_duvessa
D:7:      layout_gridville, grunt_ogre_cave, serial_park_tiny_1,
          minmay_misc_feat_diagonals, uniq_prince_ribbit1
D:8:      layout_cave_pods, old_standard_altar, lair_entry_dummy
D:9:      layout_cave_pools, erik_orc_3, serial_shops, shop, chequers_garden
D:10:     layout_loops_ring, serial_bayou, serial_bayou_pond_e,
          serial_bayou_crossing, serial_bayou_pond_e, serial_bayou_pond_b,
          minmay_shop_chei
D:11:     layout_loops_cross, dk_vineyard_2, uniq_snorg
Temple:   dpeg_five_rooms_temple

Skill      XL: |  1  2  3  4  5  6  7  8  9 10 |
---------------+-------------------------------+-----
Spellcasting   | 5 6 7 8 10 12 14 | 14.7
Fighting       | 1 2 |  2.1
Armour         | 1 2 |  2.2
Conjurations   | 2 3 4 5 7 8 |  8.9
Evocations     | 1 |  1.1
Dodging        | 3 |  3.1
Poison Magic   | 1 |  1.0
Air Magic      | 1 |  1.0
Fire Magic     | 2 3 4 6 8 |  8.4
Stealth        | 3 |  3.0
Shields        | 1 3 4 |  4.0
Summonings     | |  1.1
Translocations | |  1.1

Action                   |  1- 3 |  4- 6 |  7- 9 | 10-12 || total
-------------------------+-------+-------+-------+-------++-------
Melee: Unarmed           |       |     9 |    11 |       ||    20
       Dagger            |       |       |    41 |    85 ||   126
 Cast: Magic Dart        |    60 |   155 |   305 |   198 ||   718
       Mephitic Cloud    |       |     5 |    19 |    21 ||    45
       Call Imp          |       |     3 |     4 |     2 ||     9
       Conjure Flame     |       |     4 |    42 |    17 ||    63
       Blink             |       |     1 |     7 |     6 ||    14
       Stone Arrow       |       |       |       |    44 ||    44
Evoke: Wand              |       |       |     3 |       ||     3
 Stab: Confused          |       |       |     4 |     5 ||     9
       Sleeping          |       |       |     1 |       ||     1
  Eat: Chunk             |     1 |     9 |    15 |    10 ||    35
       Ration            |       |     1 |       |       ||     1
Armor: Robe              |     1 |       |       |       ||     1
       Leather armour    |       |     9 |    18 |     4 ||    31
       Troll leather arm |       |       |       |    34 ||    34
Dodge: Dodged            |    11 |    26 |    59 |    87 ||   183
